 Dungeon Crawl Stone Soup version 0.25-a0-294-gea9b1ad (webtiles) character file.

Game seed: 16864252973061974621, levelgen mode: deterministic

1663 15 the Zephyrmancer (level 9, -6/69 HPs)
             Began as a Tengu Air Elementalist on Dec 18, 2019.
             Was a Follower of Vehumet.
             Mangled by an ice beast (8 damage)
             ... on level 6 of the Dungeon.
             The game lasted 00:30:35 (6245 turns).

15 the Zephyrmancer (Tengu Air Elementalist)        Turns: 6245, Time: 00:30:35

Health: -6/69      AC: 31    Str: 10    XL:     9   Next: 1%
Magic:  6/16       EV:  2    Int: 18    God:    Vehumet [*.....]
Gold:   229        SH:  0    Dex: 18    Spells: 0/16 levels left

rFire    . . .     SeeInvis .   x - +0 mace (protect)
rCold    . . .     Gourm    .   (no shield)
rNeg     + + +     Faith    .   (armour currently unavailable)
rPois    +         Spirit   .   (helmet currently unavailable)
rElec    .         Reflect  .   (cloak currently unavailable)
rCorr    .         Harm     .   (gloves currently unavailable)
MR       +....     NoTele   +   (boots unavailable)
Stlth    ++........             (no amulet)
HPRegen  0.21/turn              g - ring of stealth
MPRegen  0.15/turn              y - ring "Xuanal" {-Tele rN+ MR+ Dex+4 Stlth-}

@: tree-form, protection aura, very slightly contaminated
A: able to fly
a: Stop Flying, Renounce Religion


You were on level 6 of the Dungeon.
You worshipped Vehumet.
Vehumet was aware of your devotion.
You were not hungry.
You were a tree.
You visited 2 branches of the dungeon, and saw 7 of its levels.

You collected 229 gold pieces.

Inventory:

Hand Weapons
 b - a +3 dagger
 r - a +0 dagger of speed
 x - a +0 mace of protection (weapon)
 D - a +0 scythe
Missiles
 j - 104 stones (quivered)
Armour
 a - a +0 robe (melded)
 t - a +0 cloak (melded)
Jewellery
 g - a ring of stealth (left branch)
 y - the ring "Xuanal" (right branch) {-Tele rN+ MR+ Dex+4 Stlth-}
   (You found it on level 5 of the Dungeon)

   [ring of attention]

   It affects your dexterity (+4).
   It protects you from negative energy.
   It affects your resistance to hostile enchantments.
   It prevents most forms of teleportation.
   It makes you less stealthy.
 F - an uncursed amulet of the acrobat {unknown}
Wands
 C - a wand of scattershot (5)
Scrolls
 f - a scroll of enchant armour {unknown}
 l - 2 scrolls of remove curse
 m - a scroll of enchant weapon {unknown}
 u - 2 scrolls of blinking {unknown}
 v - a scroll of magic mapping {unknown}
 w - 2 scrolls of teleportation {unknown}
 A - a scroll of fear {unknown}
 B - a scroll of noise {unknown}
 E - a scroll of fog {unknown}
Potions
 d - a potion of flight {unknown}
 e - 2 potions of degeneration {unknown}
 h - 3 potions of mutation
 i - 2 potions of might {unknown}
 k - 2 potions of haste {unknown}
 n - 2 potions of lignification
 o - 2 potions of brilliance {unknown}
 p - a potion of curing {unknown}
 q - a potion of berserk rage {unknown}
 s - a potion of magic {unknown}
Comestibles
 c - 14 rations
 z - 2 chunks of flesh


   Skills:
 + Level 0.9 Fighting
 + Level 2.5 Short Blades
 + Level 0.4 Throwing
 * Level 4.4 Armour
 * Level 5.5 Dodging
 + Level 2.6 Stealth
 + Level 4.4 Spellcasting
 * Level 4.5 Conjurations
 * Level 1.8 Fire Magic
 * Level 8.5 Air Magic
 * Level 1.2 Evocations


You couldn't memorise any spells.
You knew the following spells:

 Your Spells              Type           Power        Failure   Level  Hunger
a - Shock                 Conj/Air       ####         1%          1    None
b - Swiftness             Chrm/Air       ###.....     3%          2    ##.....
c - Static Discharge      Conj/Air       ####....     3%          3    ###....
d - Airstrike             Air            ####......   4%          4    ####...
e - Foxfire               Conj/Fire      ###.         3%          1    None
f - Lightning Bolt        Conj/Air       ####......   26%         5    ######.

Your spell library contained the following spells:

 Spells                   Type           Power        Failure   Level  Hunger


Dungeon Overview and Level Annotations

Branches:
Dungeon (6/15)             Temple (1/1) D:4

Altars:
Ashenzari
Cheibriados
Dithmenos
Elyvilon
Fedhas
Gozag
Kikubaaqudgha
Nemelex Xobeh
Okawaru
Qazlal
Ru
Trog
Uskayaw
Vehumet
Wu Jian
Zin
The Shining One
Lugonu


Innate Abilities, Weirdness & Mutations

((You have a beak for a mouth.))
((You have claws for feet.))
You can fly continuously.


Message History

x - a +0 mace of protection (weapon)
The ice beast hits you. The ice beast freezes you!
* * * LOW HITPOINT WARNING * * *
You completely miss the ice beast.
The ice beast is severely wounded.
The ice beast hits you but does no damage.
You hit the ice beast.
Your weapon exudes an aura of protection.
The ice beast is severely wounded.
The ice beast hits you but does no damage.
You hit the ice beast.
The ice beast is almost dead.
The ice beast hits you.
* * * LOW HITPOINT WARNING * * *
The ice beast freezes you!
* * * LOW HITPOINT WARNING * * *
The ice beast hits you.
* * * LOW HITPOINT WARNING * * *
The ice beast freezes you!
You die...

...#.########.......#
....................#
.#...#...#..........#
..#$#...#.#...####..#
...#...#...#..# ..#
..............# ..#
.#...#...#....# ..#
#?#...#.#...####..#
#...#...#...Y♣...#
.............÷....#
...#...#..........#
#!#..Y#.#.........#
.#...#...#).......#
.............#...[.#
...#...#.....#.....#
#...#(#....#.....#
#...#...#.........#


You could see an ice beast.

Vanquished Creatures
  Sigmund (D:5)
  A shadow (D:6)
  A centaur (D:5)
  2 phantoms
  2 ogres
  2 bullfrogs (D:5)
  A scorpion (D:6)
  A wight (D:6)
  A howler monkey (D:4)
  3 crimson imps
  4 hounds
  2 orc priests
  Crazy Yiuf (D:3)
  A centaur skeleton (D:6)
  An orc wizard (D:5)
  3 iguanas
  A worker ant zombie (D:5)
  10 adders
  A shadow imp (D:4)
  2 oozes
  3 dart slugs (D:2)
  2 leopard geckos
  9 orcs
  9 bats
  A bat zombie (D:4)
  5 giant cockroaches
  6 goblins
  10 hobgoblins
  13 jackals
  5 quokkas
  6 frilled lizards
  A jackal zombie (D:5)
  3 kobolds
  A quokka skeleton (D:6)
  26 rats
  3 rat zombies (D:4)
144 creatures vanquished.

Vanquished Creatures (others)
  20 foxfires (D:6)
20 creatures vanquished.

Grand Total: 164 creatures vanquished

Notes
Turn   | Place    | Note
-------+----------+-------------------------------------------
     0 | D:1      | 15 the Tengu Air Elementalist began the quest for the Orb.
     0 | D:1      | Reached XP level 1. HP: 10/10 MP: 4/4
    80 | D:1      | Reached XP level 2. HP: 14/15 MP: 3/6
   230 | D:1      | Learned a level 2 spell: Swiftness
   462 | D:1      | Reached XP level 3. HP: 17/19 MP: 7/7
   499 | D:1      | Learned a level 3 spell: Static Discharge
   799 | D:2      | Found a shadowy altar of Dithmenos.
   892 | D:2      | Found a glowing golden altar of the Shining One.
   911 | D:2      | Reached skill level 1 in Short Blades
  1037 | D:2      | Reached skill level 1 in Armour
  1212 | D:2      | Reached XP level 4. HP: 16/24 MP: 1/8
  1456 | D:2      | Found a sacrificial altar of Ru.
  1799 | D:3      | Found a stormy altar of Qazlal.
  2085 | D:3      | Found a runed translucent door.
  2086 | D:3      | Noticed Crazy Yiuf
  2094 | D:3      | Killed Crazy Yiuf
  2094 | D:3      | Gained mutation: You can fly continuously. [Tengu growth]
  2094 | D:3      | Reached XP level 5. HP: 14/28 MP: 5/9
  2659 | D:3      | Found a glowing silver altar of Zin.
  3116 | D:4      | Noticed a phantom
  3384 | D:4      | Killed a phantom
  3384 | D:4      | Reached skill level 5 in Air Magic
  3384 | D:4      | Reached XP level 6. HP: 18/33 MP: 0/11
  3390 | D:4      | Learned a level 4 spell: Airstrike
  4104 | D:4      | Found an iron altar of Okawaru.
  4151 | D:4      | Found a staircase to the Ecumenical Temple.
  4181 | Temple   | Entered the Ecumenical Temple
  4242 | Temple   | Became a worshipper of Vehumet
  4302 | D:4      | Found an opulent altar of Gozag.
  4302 | D:4      | Found a shattered altar of Ashenzari.
  4351 | D:4      | Found an ancient bone altar of Kikubaaqudgha.
  4593 | D:5      | Entered Level 5 of the Dungeon
  4679 | D:5      | Reached XP level 7. HP: 36/37 MP: 7/12
  4807 | D:5      | Reached skill level 6 in Air Magic
  4858 | D:5      | Got a coiled iron ring
  4870 | D:5      | Identified the ring "Xuanal" {-Tele rN+ MR+ Dex+4 Stlth-}
                  | (You found it on level 5 of the Dungeon)
  5179 | D:5      | Noticed Sigmund
  5182 | D:5      | Killed Sigmund
  5182 | D:5      | Reached skill level 7 in Air Magic
  5182 | D:5      | Reached XP level 8. HP: 42/42 MP: 14/14
  5362 | D:5      | Reached * piety under Vehumet
  5362 | D:5      | Offered knowledge of Foxfire by Vehumet.
  5365 | D:5      | Learned a level 1 spell: Foxfire
  5574 | D:6      | Found a snail-covered altar of Cheibriados.
  5928 | D:6      | Reached skill level 5 in Dodging
  6020 | D:6      | Reached skill level 8 in Air Magic
  6040 | D:6      | Noticed a shadow
  6042 | D:6      | Killed a shadow
  6042 | D:6      | Reached skill level 1 in Fire Magic
  6042 | D:6      | Reached skill level 1 in Evocations
  6187 | D:6      | Reached XP level 9. HP: 46/46 MP: 4/16
  6194 | D:6      | Learned a level 5 spell: Lightning Bolt
  6245 | D:6      | HP: 3/69 [ice beast (12)]
  6245 | D:6      | Mangled by an ice beast

Levels and vault maps discovered:
D:1:      elethiomel_arrival_shortcut, layout_basic
D:2:      minmay_door_path, layout_basic, grunt_dithmenos_smoke,
          lemuel_round_altar, lemuel_doored_altar
D:3:      layout_basic, nicolae_qazlal_general_emergency, lemuel_round_altar,
          minmay_rat_hole, uniq_crazy_yiuf_cottage
D:4:      layout_gridville, lemuel_zombie_altar_kikubaaqudgha,
          okawaru_ov_weapons_minmay, grunt_temple_overflow_open,
          minmay_temple_entry_arrows, due_unseen_surprise
D:5:      layout_loops_cross, first_ration, uniq_sigmund
D:6:      cheibrodos_fzero, layout_rooms, yredelemnul_altar_generic,
          hangedman_decor_points, cheibriados_altar_1
Temple:   corrupted_temple

Skill      XL: |  1  2  3  4  5  6  7  8 |
---------------+-------------------------+-----
Conjurations   | 2 3 4 |  4.5
Short Blades   | 1 2 |  2.5
Armour         | 1 2 3 4 |  4.4
Dodging        | 3 4 5 |  5.5
Air Magic      | 5 7 8 |  8.5
Spellcasting   | 3 4 |  4.4
Fire Magic     | 1 |  1.8
Evocations     | 1 |  1.2
Fighting       | |  0.9
Throwing       | |  0.4
Stealth        | |  2.6

Action                   |  1- 3 |  4- 6 |  7- 9 || total
-------------------------+-------+-------+-------++-------
Melee: Dagger            |    42 |   123 |    84 ||   249
       Kick              |     6 |    31 |    20 ||    57
       Peck              |     3 |    15 |    14 ||    32
       Mace              |       |       |     3 ||     3
Throw: Dart              |       |     9 |       ||     9
       Stone             |       |     3 |       ||     3
 Cast: Shock             |    34 |   101 |    14 ||   149
       Static Discharge  |       |     3 |       ||     3
       Airstrike         |       |    13 |    26 ||    39
       Foxfire           |       |       |    12 ||    12
 Abil: Fly               |       |     1 |       ||     1
Evoke: Wand              |       |       |     2 ||     2
  Use: Scroll            |     2 |     2 |     1 ||     5
       Potion            |       |     3 |     1 ||     4
 Stab: Sleeping          |     3 |       |     1 ||     4
  Eat: Chunk             |     1 |    14 |     8 ||    23
       Ration            |       |       |     1 ||     1
Armor: Robe              |     8 |    15 |     4 ||    27
       Skin              |       |       |    12 ||    12
Dodge: Dodged            |    29 |    79 |    40 ||   148

Table legend:
 A = Non-vault XP
 B = Vault XP
 C = Vault XP percentage of total XP
 D = Non-vault monster count
 E = Vault monster count
 F = Vault count percentage of total count
                 A         B        C        D         E       F
            +---------+---------+-------+---------+---------+-------
      Total |    1554 |     822 |  34.6 |     111 |      33 |  22.9
            +---------+---------+-------+---------+---------+-------
        D:1 |      40 |       0 |   0.0 |      26 |       0 |   0.0
        D:2 |      58 |      16 |  21.6 |      16 |       2 |  11.1
        D:3 |      57 |      62 |  52.1 |      21 |      20 |  48.8
        D:4 |     335 |       5 |   1.5 |      18 |       4 |  18.2
        D:5 |     900 |     223 |  19.9 |      22 |       1 |   4.3
        D:6 |     164 |     516 |  75.9 |       8 |       6 |  42.9
            +---------+---------+-------+---------+---------+-------
